 Dungeon Crawl Stone Soup version 0.23.2-1-ga50397a6bc (webtiles) character file.

Game seed: 15778079314392091171

202 Qew7 the Covered (level 5, -5/47 HPs)
             Began as a Hill Orc Fighter on May 12, 2019.
             Slain by a gnoll sergeant
             ... wielding a +2 trident of piercing
              (7 damage)
             ... on level 4 of the Dungeon.
             The game lasted 00:08:20 (2663 turns).

Qew7 the Covered (Hill Orc Fighter)                 Turns: 2663, Time: 00:08:20

Health: -5/47      AC:  9    Str: 20    XL:     5   Next: 80%
Magic:  0/5        EV:  8    Int:  8    God:
Gold:   166        SH:  9    Dex: 10    Spells: 4/4 levels left

rFire    . . .     SeeInvis .   a - +0 flail
rCold    . . .     Gourm    .   c - +0 shield
rNeg     . . .     Faith    .   b - +0 scale mail
rPois    .         Spirit   +   r - +0 helmet
rElec    .         Reflect  .   (no cloak)
rCorr    .         Harm     .   (no gloves)
MR       .....                  p - +0 pair of boots (curse)
Stlth    ..........             l - amulet of guardian spirit
HPRegen  0.15/turn              (no ring)
MPRegen  0.09/turn              (no ring)

@: no status effects
A: no striking features
a: no special abilities


You were on level 4 of the Dungeon.
You were not hungry.

You visited 1 branch of the dungeon, and saw 4 of its levels.

You collected 166 gold pieces.

Inventory:

Hand Weapons
 a - a +0 flail (weapon)
Armour
 b - a +0 scale mail (worn)
 c - a +0 shield (worn)
 p - a cursed +0 pair of boots (worn)
 r - a +0 helmet (worn)
Jewellery
 l - an amulet of guardian spirit (around neck)
Wands
 t - a wand of digging (5)
Scrolls
 e - a scroll of magic mapping {unknown}
 g - 3 scrolls of remove curse
 i - a scroll of immolation {unknown}
 j - 3 scrolls of teleportation {unknown}
 k - 3 scrolls of fog {unknown}
 m - a scroll of noise {unknown}
 s - 3 scrolls of identify {unknown}
Potions
 d - 2 potions of might
 h - 2 potions of curing {unknown}
 n - a potion of mutation {unknown}
 o - a potion of heal wounds {unknown}
 q - a potion of agility {unknown}
Comestibles
 f - 5 rations


   Skills:
 + Level 4.4 Fighting
 + Level 4.0 Maces & Flails
 + Level 4.7 Armour
 + Level 1.4 Dodging
 - Level 3.4 Shields


You had 4 spell levels left.
You didn't know any spells.
Your spell library was empty.

Dungeon Overview and Level Annotations

Branches:
Dungeon (4/15)
 Temple: D:4-7

Altars:
Makhleb
Sif Muna
Wu Jian
Yredelemnul

Annotations:
D:3 Blork the orc


Message History

The gnoll barely misses you.
The gnoll sergeant hits you from afar with a +2 trident of piercing!
* * * LOW HITPOINT WARNING * * *
x2 You see here a throwing net.
You sock the gnoll!
You kill the gnoll!
You block the gnoll's attack.
The gnoll sergeant hits you but does no damage.
The gnoll barely misses you.
The gnoll hits you from afar with a +0 spear.
* * * LOW HITPOINT WARNING * * *
The gnoll sergeant barely misses you. The gnoll closely misses you.
The gnoll hits you with a +0 club.
* * * LOW HITPOINT WARNING * * *
There is an open door, spattered with blood here.
Things that are here:
a +0 whip; a +0 flail You block the gnoll's attack.
The gnoll sergeant hits you from afar with a +2 trident of piercing!
You die...

#. #. #. #.### #+##
#.<.# #...# ###.#
#..... ##.##
#......
####...####g......
..........@)gg.....
###.#....###g......
#.##.#.# #...... #
#.#.# #..... #...#
#...# ..... #+##
##..# ...#


You could see a gnoll sergeant and 3 gnolls.

Vanquished Creatures
  An orc wizard (D:3)
  A worker ant (D:3)
  2 gnolls (D:4)
  5 adders
  An ooze (D:2)
  A worm (D:2)
  3 dart slugs (D:2)
  A leopard gecko (D:3)
  4 orcs (D:3)
  3 giant cockroaches (D:2)
  6 goblins
  5 hobgoblins
  2 jackals (D:3)
  2 quokkas
  11 bats
  3 frilled lizards
  9 kobolds
  A leopard gecko skeleton (D:3)
  12 rats
  A spectral orc (D:2)
74 creatures vanquished.

Notes
Turn   | Place    | Note
-------+----------+-------------------------------------------
     0 | D:1      | Qew7 the Hill Orc Fighter began the quest for the Orb.
     0 | D:1      | Reached XP level 1. HP: 19/19 MP: 1/1
    90 | D:1      | Reached XP level 2. HP: 23/27 MP: 2/2
   475 | D:2      | Reached XP level 3. HP: 23/33 MP: 3/3
   537 | D:2      | Found a basalt altar of Yredelemnul.
   782 | D:2      | Reached XP level 4. HP: 35/40 MP: 1/4
   940 | D:2      | Reached skill level 1 in Dodging
  1103 | D:2      | Found a burning altar of Makhleb.
  1103 | D:2      | Found an ornate altar of the Wu Jian Council.
  1542 | D:3      | Reached XP level 5. HP: 10/46 MP: 2/5
  2489 | D:3      | Noticed Blork the orc
  2497 | D:3      | Found a deep blue altar of Sif Muna.
  2662 | D:4      | HP: 2/47 [gnoll/+0 club (2)]
  2663 | D:4      | Slain by a gnoll sergeant

Skill      XL: |  1  2  3  4  5 |
---------------+----------------+-----
Fighting       | 4 |  4.4
Maces & Flails | 3 4 |  4.0
Armour         | 4 |  4.7
Dodging        | 1 |  1.4
Shields        | |  3.4

Action                   |  1- 3 |  4- 6 || total
-------------------------+-------+-------++-------
Melee: Flail             |   123 |   142 ||   265
  Use: Scroll            |       |     1 ||     1
  Eat: Ration            |       |     2 ||     2
Armor: Scale mail        |    47 |   111 ||   158
Dodge: Dodged            |    45 |    58 ||   103
Block: Shield            |    73 |    99 ||   172
